 Dungeon Crawl Stone Soup version 0.23.2-1-ga50397a (webtiles) character file.

Game seed: 3179036661744649750

440306 shadizar the Peltast (level 24, -2/159 HPs)
             Began as a Gargoyle Fighter on May 8, 2019.
             Was the Champion of the Shining One.
             Slain by a tentacled monstrosity (9 damage)
             ... on level 5 of the Vaults on May 9, 2019.
             The game lasted 01:59:52 (47009 turns).

shadizar the Peltast (Gargoyle Fighter)            Turns: 47009, Time: 01:59:53

Health: -2/159     AC: 52    Str: 26    XL:     24   Next: 9%
Magic:  43/43      EV: 16    Int: 15    God:    the Shining One [******]
Gold:   1968       SH: 23    Dex: 22    Spells: 23/23 levels left

rFire    + + .     SeeInvis +   i - +5 eveningstar "Daetysaf" {venom, Dex+3}
rCold    + + .     Gourm    +   u - +6 shield of Salvation {rF+ Str-3 Dex+3 Slay+3}
rNeg     + + +     Faith    .   p - +5 plate armour of Circular Logic {rC+ SInv}
rPois    ∞         Spirit   .   J - +2 helmet {Int+3}
rElec    +         Reflect  .   v - +1 cloak
rCorr    .         Harm     .   a - +2 pair of gloves
MR       +++..                  (no boots)
Stlth    ..........             Y - amulet "Butec" {Gourm Dex+7}
HPRegen  0.36/turn              Q - ring "Qifraps" {Wiz rElec rC+ MR+}
MPRegen  0.28/turn              W - ring of Durimul {rF+ MR+ MP+9}

@: flying, glowing, constricted
A: big wings, negative energy resistance 1, electricity resistance, unbreathing,
petrification resistance, rot immunity, AC +18
}: 2/15 runes: decaying, serpentine
a: Stop Flying, Divine Shield, Cleansing Flame, Summon Divine Warrior, Brand
Weapon With Holy Wrath, Renounce Religion


You were on level 5 of the Vaults.
You worshipped the Shining One.
The Shining One was exalted by your worship.
You were very full.

You visited 8 branches of the dungeon, and saw 39 of its levels.
You also visited: Ossuary, Bailey, Wizlab and Desolation.

You collected 5356 gold pieces.
You spent 3388 gold pieces at shops.

Inventory:

Hand Weapons
 d - the +5 whip "Jyomuass" {antimagic, rF+}
   (You found it on level 4 of the Snake Pit)

   It reduces the magical energy of the wielder, and disrupts the spells and
   magical abilities of those hit.
   Natural abilities and divine invocations are not affected.
   It protects you from fire.
 i - the +5 eveningstar "Daetysaf" (weapon) {venom, Dex+3}
   (You acquired it on level 10 of the Dungeon)

   It poisons the flesh of those it strikes.
   It affects your dexterity (+3).
 L - the cursed +2 mace of Nightmares {drain, rElec, unknown}
   (You found it on level 5 of the Vaults)

   A truly terrible weapon, it drains the life of those it strikes.
   It insulates you from electricity.
   It has a curse placed upon it.
   The Shining One disapproves of the use of such an item.
Armour
 a - a +2 pair of gloves (worn)
 c - a +2 large shield
 p - the +5 plate armour of Circular Logic (worn) {rC+ SInv}
   (You bought it in a shop on level 6 of the Dungeon)

   It protects you from cold.
   It lets you see invisible.
 u - the +6 shield of Salvation (worn) {rF+ Str-3 Dex+3 Slay+3}
   (You bought it in a shop on level 2 of the Snake Pit)

   It affects your strength (-3).
   It affects your dexterity (+3).
   It affects your accuracy and damage with ranged weapons and melee attacks
   (+3).
   It protects you from fire.
 v - a +1 cloak (worn)
 F - a +2 pair of boots of stealth
 J - a +2 helmet of intelligence (worn)
Jewellery
 q - an uncursed ring of resist corrosion
 y - the ring "Zuaxacia" {rF+ MP+9 Int+2 Dex+5 Stlth-}
   (You found it in the Desolation of Salt)

   [ring of protection from fire]

   It affects your intelligence (+2).
   It affects your dexterity (+5).
   It protects you from fire.
   It affects your magic capacity (+9).
   It makes you less stealthy.
 z - the ring of Atesiego {Wiz rC+ rN+ Dex+2}
   (You found it in the Desolation of Salt)

   [ring of wizardry]

   It improves your spell success rate.
   It affects your dexterity (+2).
   It protects you from cold.
   It protects you from negative energy.
 C - an uncursed ring of stealth
 Q - the ring "Qifraps" (left hand) {Wiz rElec rC+ MR+}
   (You bought it in a shop on level 2 of the Snake Pit)

   [ring of wizardry]

   It improves your spell success rate.
   It protects you from cold.
   It insulates you from electricity.
   It affects your resistance to hostile enchantments.
 W - the ring of Durimul (right hand) {rF+ MR+ MP+9}
   (You found it in the Desolation of Salt)

   [ring of protection from magic]

   It protects you from fire.
   It affects your resistance to hostile enchantments.
   It affects your magic capacity (+9).
 Y - the amulet "Butec" (around neck) {Gourm Dex+7}
   (You found it in the Desolation of Salt)

   [amulet of the gourmand]

   It allows you to eat raw meat even when not hungry.
   It affects your dexterity (+7).
Wands
 j - a wand of iceblast (18)
 s - a wand of flame (36)
 E - a wand of acid (18)
Scrolls
 b - 17 scrolls of teleportation
 e - 12 scrolls of amnesia
 k - 15 scrolls of remove curse
 l - 4 scrolls of enchant armour
 m - 16 scrolls of identify
 o - a scroll of fear
 r - 8 scrolls of fog
 A - a scroll of summoning
 D - a scroll of brand weapon
 H - 6 scrolls of magic mapping
 O - 3 scrolls of enchant weapon
Potions
 g - 2 potions of cancellation
 n - 2 potions of resistance
 t - 6 potions of ambrosia
 w - 2 potions of magic
 x - 7 potions of haste
 B - 6 potions of agility
 G - a potion of curing
 K - a potion of berserk rage
Miscellaneous
 I - a lightning rod (4/4)
 X - a sack of spiders
Comestibles
 f - 66 rations
 h - 4 chunks of flesh


   Skills:
 + Level 18.5 Fighting
 + Level 17.2 Maces & Flails
 + Level 18.5 Armour
 + Level 14.7 Dodging
 + Level 18.5 Shields
 + Level 15.4 Invocations
 - Level 8.0 Evocations


You had 23 spell levels left.
You didn't know any spells.
Your spell library contained the following spells:

 Spells                   Type           Power        Failure   Level  Hunger
 Beastly Appendage        Tmut           #.....       47%         1    ##.....
 Corona                   Hex            #......      47%         1    ##.....
 Flame Tongue             Conj/Fire      #....        47%         1    ##.....
 Freeze                   Ice            #...         47%         1    ##.....
 Infusion                 Chrm           #...         47%         1    ##.....
 Magic Dart               Conj           #...         47%         1    ##.....
 Sandblast                Erth           #.....       47%         1    ##.....
 Blink                    Tloc           N/A          61%         2    ###....
 Call Imp                 Summ           #.......     61%         2    ###....
 Corpse Rot               Necr           N/A          61%         2    ###....
 Ensorcelled Hibernation  Hex/Ice        #.....       61%         2    ###....
 Passwall                 Tmut/Erth      #.......     61%         2    ###....
 Poisonous Vapours        Pois/Air       #.....       61%         2    ###....
 Shroud of Golubria       Chrm/Tloc      #.........   61%         2    ###....
 Slow                     Hex            #.......     61%         2    ###....
 Song of Slaying          Chrm           #.......     61%         2    ###....
 Sticks to Snakes         Tmut           #.......     61%         2    ###....
 Throw Flame              Conj/Fire      #.....       61%         2    ###....
 Throw Frost              Conj/Ice       #.....       61%         2    ###....
 Confuse                  Hex            #.......     83%         3    ####...
 Conjure Flame            Conj/Fire      #.......     83%         3    ####...
 Dazzling Spray           Conj/Hex       #.....       83%         3    ####...
 Ignite Poison            Fire/Tmut/Pois #.......     83%         3    ####...
 Inner Flame              Hex/Fire       #.......     83%         3    ####...
 Lesser Beckoning         Tloc           #.........   83%         3    ####...
 Mephitic Cloud           Conj/Pois/Air  #.......     83%         3    ####...
 Ozocubu's Armour         Chrm/Ice       #.......     83%         3    ####...
 Portal Projectile        Hex/Tloc       #.....       83%         3    ####...
 Recall                   Summ/Tloc      N/A          83%         3    ####...
 Regeneration             Chrm/Necr      #.........   83%         3    ####...
 Spectral Weapon          Hex/Chrm       #.......     83%         3    ####...
 Spider Form              Tmut/Pois      #.........   83%         3    ####...
 Stone Arrow              Conj/Erth      #.....       83%         3    ####...
 Tukima's Dance           Hex            #.......     83%         3    ####...
 Vampiric Draining        Necr           #.........   83%         3    ####...
 Cause Fear               Hex            #.........   99%         4    #####..
 Force Lance              Conj/Tloc      #.......     99%         4    #####..
 Ice Form                 Ice/Tmut       #.......     99%         4    #####..
 Leda's Liquefaction      Hex/Erth       #.........   99%         4    #####..
 Olgreb's Toxic Radiance  Pois           #.......     99%         4    #####..
 Petrify                  Tmut/Erth      #.......     99%         4    #####..
 Sticky Flame             Conj/Fire      #.......     99%         4    #####..
 Summon Ice Beast         Ice/Summ       #.......     99%         4    #####..
 Throw Icicle             Conj/Ice       #.......     99%         4    #####..
 Alistair's Intoxication  Tmut/Pois      #.......     100%        5    ######.
 Blade Hands              Tmut           #.........   100%        5    ######.
 Bolt of Magma            Conj/Fire/Erth #.........   100%        5    ######.
 Dispel Undead            Necr           #.......     100%        5    ######.
 Fireball                 Conj/Fire      #.........   100%        5    ######.
 Irradiate                Conj/Tmut      #.........   100%        5    ######.
 Lee's Rapid Deconstruct  Erth           #.........   100%        5    ######.
 Metabolic Englaciation   Hex/Ice        #.........   100%        5    ######.
 Silence                  Hex/Air        #.........   100%        5    ######.
 Summon Forest            Summ/Tloc      #.........   100%        5    ######.
 Venom Bolt               Conj/Pois      #.........   100%        5    ######.
 Yara's Violent Unravell  Hex/Tmut       #.........   100%        5    ######.
 Bolt of Cold             Conj/Ice       #.........   100%        6    #######
 Darkness                 Hex            #.........   100%        6    #######
 Deflect Missiles         Chrm/Air       #.........   100%        6    #######
 Freezing Cloud           Conj/Ice/Air   #.........   100%        6    #######
 Iron Shot                Conj/Erth      #.........   100%        6    #######
 Ozocubu's Refrigeration  Ice            #.........   100%        6    #######
 Poison Arrow             Conj/Pois      #.........   100%        6    #######
 Haunt                    Necr/Summ      #.........   100%        7    #######
 Ring of Flames           Chrm/Fire      #.........   100%        7    #######
 Borgnjor's Revivificati  Necr           #.........   100%        8    #######
 Chain Lightning          Conj/Air       #.........   100%        8    #######
 Death's Door             Chrm/Necr      #.........   100%        8    #######
 Discord                  Hex            #.........   100%        8    #######
 Infestation              Necr           #.........   100%        8    #######
 Lehudib's Crystal Spear  Conj/Erth      #.........   100%        8    #######
 Necromutation            Tmut/Necr      #.........   100%        8    #######
 Fire Storm               Conj/Fire      #.........   100%        9    #######
 Glaciate                 Conj/Ice       #.........   100%        9    #######
 Shatter                  Erth           #.........   100%        9    #######
 Sublimation of Blood     Necr           Unusable     N/A         2    N/A
 Statue Form              Tmut/Erth      Unusable     N/A         6    N/A

Dungeon Overview and Level Annotations

Branches:
Dungeon (15/15)            Temple (1/1) D:6            Lair (6/6) D:11
  Swamp (4/4) Lair:2        Snake (4/4) Lair:3        Slime (0/5) Lair:5
    Orc (2/2) D:9             Elf (0/3) Orc:2        Vaults (5/5) D:14
  Crypt (0/3) Vaults:3     Depths (2/5) D:15

Altars:
Ashenzari
Cheibriados
Dithmenos
Elyvilon
Fedhas
Gozag
Hepliaklqana
Kikubaaqudgha
Makhleb
Nemelex Xobeh
Okawaru
Qazlal
Ru
Sif Muna
Trog
Uskayaw
Vehumet
Wu Jian
Xom
Yredelemnul
Zin
The Shining One
Jiyva

Shops:
D:4 :(*   D:6 }*:[[   D:10 *   Orc:2 %(:*   Snake:1 *   Snake:2 =[*
Snake:3 ??%[[

Portals:
Hell: Depths:1 Depths:2
Pandemonium: Depths:2
Ziggurat: Depths:2

Annotations:
D:2 1 runed translucent door, Crazy Yiuf
D:3 1 runed translucent door
Lair:6 1 runed translucent door, Terandir's ghost, journeyman MiFi
Orc:1 2 transporters, kernmantle's ghost, journeyman OpWn


Innate Abilities, Weirdness & Mutations

You are resistant to torment.
Your stone body is resilient. (AC +18)
You are immune to poison.
Your large and strong wings let you fly indefinitely.
You resist negative energy. (rN+)
You are resistant to electric shocks. (rElec)
You can survive without breathing.
You are immune to petrification.
You are immune to rotting.


Message History

The vault sentinel blows a loud note on a signal horn!
You block the tentacled monstrosity's attack. x2
The tentacled monstrosity misses you.
You block the tentacled monstrosity's attack.
You hear a shout! x2
Unknown command.
Unknown command.
Unknown command.
Unknown command.
Unknown command.
Unknown command.
Unknown command.
You puncture the cyan very ugly thing!
The cyan very ugly thing looks as sick as possible!
The cyan very ugly thing is almost dead.
You block the cyan very ugly thing's attack.
The tentacled monstrosity tentacle-slaps you but does no damage.
You block the tentacled monstrosity's attack. x2
The tentacled monstrosity grabs you.
You die...

#####################
#...))[)......c......
#...)T)(....p......)X
#...)################
#..uXp(............
#..#@.##...........
#..#.#####.........
#..#.# #.###.....
#..#..####'######..
#..#....'.....### .
#..#...##.......###
#..#... ##).....|.##
#.... ##.......(##
#........[#


You could see a tentacled monstrosity, a cyan very ugly thing, a deep troll and
a vault sentinel.

Vanquished Creatures
  An ancient lich (WizLab)
  Xtahua (Vaults:4)
  2 caustic shrikes (Depths:2)
  A caustic shrike (shapeshifter) (Vaults:5)
  2 golden dragons
  A tentacled monstrosity (Depths:2)
  2 titans (Vaults:5)
  2 liches
  A sphinx (Vaults:5)
  2 tengu reavers
  Donald (Snake:4)
  8 nagarajas
  A thorn hunter (Swamp:4)
  3 deep elf sorcerers
  4 frost giants
  An iron dragon (Vaults:5)
  The ghost of Moltybleed the Severer, a journeyman MiBe of Trog (Swamp:4)
  An orc warlord (Bailey)
  A fire giant (Depths:2)
  2 imperial myrmidons (Desolation)
  The ghost of Rwicked the Stickfighter, an adept GrGl of Okawaru (Swamp:3)
  Aizul (Snake:3)
  9 vault wardens
  2 ghouls
  A war gargoyle (Vaults:5)
  14 stone giants
  9 ironheart preservers
  7 very ugly things
  A deep elf demonologist (Vaults:2)
  2 green draconians (Swamp:4)
  A halazid warlock (Desolation)
  An entropy weaver (Vaults:3)
  A vampire knight (Depths:2)
  The ghost of Kapsuk the Devastator, a journeyman DECj of Sif Muna (D:14)
  2 deep elf annihilators
  11 ettins
  6 great orbs of eyes
  Snorg (Lair:5)
  4 crystal guardians
  7 fire dragons
  16 ogre magi
  4 mummy priests (WizLab)
  6 ragged hierophants
  6 rakshasas
  16 yaktaur captains
  A ghost crab (Swamp:4)
  14 vault guards
  21 hydras
  A spriggan air mage (Depths:2)
  4 servants of whispers (Desolation)
  15 naga warriors
  5 ice dragons
  A merfolk avatar (Lair:6)
  Erica (D:8)
  11 peacekeepers (Desolation)
  17 centaur warriors
  6 anacondas
  18 alligators
  The ghost of simples the Nimble, a journeyman FeTm of Yredelemnul (D:13)
  5 death knights
  A two-headed ogre (shapeshifter) (Depths:1)
  13 death yaks
  6 tengu warriors
  A dancing weapon (Vaults:5)
  5 shambling mangroves
  60 two-headed ogres
  2 deep troll shamans (Depths:1)
  A titan zombie (WizLab)
  A spriggan berserker (Depths:2)
  2 deep troll earth magi
  9 shock serpents
  9 naga sharpshooters
  Urug (Lair:5)
  3 deep elf knights
  5 salamander mystics
  A skeletal warrior (Vaults:3)
  A hell knight (Vaults:5)
  Sonja (Lair:2)
  4 shadow wraiths
  A spark wasp zombie (WizLab)
  4 deep trolls
  12 swamp dragons
  4 glowing orange brains
  5 naga ritualists
  2 flayed ghosts
  3 unseen horrors
  3 sea snakes
  A spectral hydra (Swamp:3)
  An unseen horror (shapeshifter) (Vaults:4)
  A golden dragon zombie (WizLab)
  8 deep elf archers
  21 ironbrand convokers
  A deep troll (shapeshifter) (Vaults:5)
  A sphinx zombie (WizLab)
  2 phantasmal warriors
  A lindwurm (shapeshifter) (D:15)
  3 necromancers
  4 wizards
  21 harpies
  5 mana vipers
  14 orc knights
  A wolf spider (Vaults:2)
  5 orc sorcerers
  2 stone giant zombies (WizLab)
  3 manticores
  A frost giant zombie (WizLab)
  23 deep elf magi
  5 cyclopes
  A salamander (shapeshifter) (Depths:1)
  26 ugly things
  19 salamanders
  A spectral alligator (Swamp:3)
  A manticore (shapeshifter) (Vaults:2)
  A fire giant zombie (WizLab)
  12 elephants
  37 black mambas
  A demonspawn zombie (WizLab)
  18 vault sentinels
  2 guardian serpents
  16 spiny frogs
  3 molten gargoyles (Desolation)
  13 naga magi
  A spriggan skeleton (Depths:1)
  A yaktaur (shapeshifter) (D:15)
  4 centaur skeletons
  6 komodo dragons
  38 yaktaurs
  6 rime drakes
  13 freezing wraiths
  3 guardian mummies (WizLab)
  4 tengu conjurers
  6 trolls
  A troll (shapeshifter) (Vaults:5)
  2 hornets (shapeshifter)
  A tengu simulacrum (Depths:1)
  13 tyrant leeches
  2 meliai (shapeshifter)
  3 meliai (D:15)
  A wind drake (Lair:6)
  6 polar bears
  41 saltlings
  A jumping spider (Vaults:3)
  10 blink frogs
  A raiju (shapeshifter) (Vaults:1)
  2 ettin zombies
  17 hornets
  A meliai zombie (D:11)
  4 dream sheep (Lair:6)
  8 hippogriffs
  10 bog bodies
  48 slime creatures
  A spectral swamp dragon (Swamp:3)
  A hippogriff (shapeshifter) (D:15)
  A spectral tyrant leech (Swamp:4)
  Sigmund (D:4)
  3 redbacks (Vaults:3)
  A shadow (Swamp:3)
  13 yaks
  4 wraiths
  3 spriggans
  2 water elementals (Depths:2)
  A yak (shapeshifter) (Vaults:4)
  6 wyverns
  20 vampire mosquitoes
  4 basilisks
  3 basilisks (shapeshifter)
  3 hungry ghosts
  A spectral spiny frog (Swamp:4)
  A torturous demonspawn zombie (WizLab)
  6 wargs
  58 nagas
  2 acid dragons
  8 insubstantial wisps
  A soldier ant (D:11)
  2 hydra simulacra
  14 swamp worms
  A soldier ant (shapeshifter) (Vaults:3)
  4 porcupines
  27 water moccasins
  A human skeleton (Depths:1)
  An acid dragon (shapeshifter) (Vaults:1)
  12 swamp drakes
  A spectral blink frog (Swamp:3)
  52 orc warriors
  An ice beast (D:9)
  2 sky beasts
  A fire dragon simulacrum (Depths:1)
  A necrophage (D:13)
  55 ogres
  A phantom (D:9)
  9 boggarts
  An eye of draining (shapeshifter) (D:15)
  2 eyes of draining
  An alligator simulacrum (Swamp:3)
  21 centaurs
  2 spriggan simulacra (Swamp:3)
  13 crocodiles
  2 elf zombies (Ossuary)
  A tyrant leech simulacrum (Swamp:4)
  2 big kobolds
  Blork the orc (D:4)
  16 bullfrogs
  4 spiny frog simulacra
  A glowing shapeshifter simulacrum (Vaults:2)
  A water moccasin skeleton (D:4)
  3 scorpions
  20 killer bees
  A swamp dragon simulacrum (Swamp:4)
  A howler monkey (D:6)
  12 crimson imps
  2 bullfrog zombies (D:12)
  6 centaur zombies
  4 human zombies
  6 jellies
  A quasit (D:8)
  A hound (D:14)
  An iron imp (Depths:2)
  29 orc priests
  30 orc wizards
  Natasha (twice) (D:2)
  12 worker ants
  5 iguanas
  A big kobold zombie (Ossuary)
  2 hound skeletons
  A hound zombie (D:9)
  2 mummies (Ossuary)
  2 worker ant zombies
  6 adders
  11 gnolls
  2 shadow imps
  6 oozes
  An adder zombie (D:5)
  An adder skeleton (D:4)
  4 worms
  A dart slug (D:4)
  6 leopard geckos
  90 orcs
  9 bats
  5 giant cockroaches
  30 goblins
  18 hobgoblins
  8 jackals
  15 kobolds
  5 quokkas
  4 frilled lizards
  A goblin zombie (Ossuary)
  6 hobgoblin zombies (Ossuary)
  A jackal skeleton (D:7)
  A jackal zombie (Ossuary)
  12 kobold zombies (Ossuary)
  A leopard gecko skeleton (D:8)
  A leopard gecko zombie (D:8)
  11 orc zombies (Ossuary)
  5 rats
  A briar patch (Swamp:4)
  A fire vortex (Depths:2)
1782 creatures vanquished.

Vanquished Creatures (collateral kills)
  A golden dragon (Vaults:5)
  A tentacled monstrosity (Vaults:5)
  A shadow dragon (Vaults:5)
  A frost giant (Vaults:5)
  A vault warden (Vaults:5)
  A war gargoyle (Vaults:5)
  An ettin (Vaults:5)
  A dancing weapon (Vaults:5)
  A deep elf knight (Vaults:5)
  A deep elf archer (Vaults:5)
  A freezing wraith (Vaults:5)
  2 yaktaurs (Vaults:5)
13 creatures vanquished.

Vanquished Creatures (others)
  A fire dragon (Vaults:1)
  A black mamba (Snake:3)
  A spectral spriggan (Swamp:3)
  A freezing wraith (Vaults:5)
  A tyrant leech (Swamp:1)
  A slime creature (Swamp:1)
  A spriggan (Swamp:2)
  A naga (Snake:3)
  An ogre (Depths:2)
  An orc wizard (Orc:2)
  An orc (D:14)
  10 fungi
  9 plants
30 creatures vanquished.

Grand Total: 1825 creatures vanquished

Notes
Turn   | Place    | Note
-------+----------+-------------------------------------------
     0 | D:1      | shadizar the Gargoyle Fighter began the quest for the Orb.
     0 | D:1      | Reached XP level 1. HP: 14/14 MP: 1/1
   141 | D:1      | Reached XP level 2. HP: 7/19 MP: 2/2
   454 | D:1      | Reached XP level 3. HP: 19/23 MP: 3/3
   777 | D:2      | Noticed Natasha
   798 | D:2      | Killed Natasha
   798 | D:2      | Reached skill level 1 in Dodging
   798 | D:2      | Reached XP level 4. HP: 10/29 MP: 4/4
  1028 | D:2      | Noticed Natasha
  1034 | D:2      | Killed Natasha
  1103 | D:2      | Found a runed translucent door.
  1104 | D:2      | Noticed Crazy Yiuf
  1240 | D:2      | Reached XP level 5. HP: 32/33 MP: 5/5
  1528 | D:3      | Found a shadowy altar of Dithmenos.
  1669 | D:3      | Found a runed translucent door.
  1669 | D:3      | Noticed an angel
  1670 | D:3      | Found a glowing golden altar of the Shining One.
  2318 | D:4      | Found Jodoes's Book Emporium.
  2325 | D:4      | Noticed an ogre
  2724 | D:4      | Found Caofel's Assorted Antiques.
  2736 | D:4      | Noticed Sigmund
  2907 | D:4      | Reached XP level 6. HP: 33/39 MP: 6/6
  3017 | D:4      | Noticed Blork the orc
  3099 | D:5      | Entered Level 5 of the Dungeon
  3323 | D:5      | Reached XP level 7. HP: 24/44 MP: 7/7
  4155 | D:6      | Reached skill level 5 in Fighting
  4155 | D:6      | Reached skill level 5 in Shields
  4182 | D:5      | Reached skill level 5 in Armour
  4814 | D:6      | Reached XP level 8. HP: 30/49 MP: 8/8
  4886 | D:6      | Found Pesoraah's Antique Armour Boutique.
  4919 | D:6      | Bought a glowing helmet for 157 gold pieces
  5006 | D:6      | Found a staircase to the Ecumenical Temple.
  5017 | Temple   | Entered the Ecumenical Temple
  5087 | Temple   | Became a worshipper of the Shining One
  5312 | D:7      | Found a sand-covered staircase.
  5324 | Ossuary  | Entered an ossuary
  5353 | Ossuary  | Reached * piety under the Shining One
  5388 | Ossuary  | Reached ** piety under the Shining One
  5447 | Ossuary  | Reached *** piety under the Shining One
  5490 | Ossuary  | Reached skill level 5 in Maces & Flails
  5636 | D:7      | Reached XP level 9. HP: 11/55 MP: 9/9
  6452 | D:6      | Found Xoyturi's Gadget Shoppe.
  6487 | D:6      | Found Onimutet's Assorted Antiques.
  6511 | D:6      | Found Padop's Book Shop.
  6560 | D:6      | Found Ulass's Armour Shop.
  6568 | D:6      | Bought the +2 plate armour of Huamalun {MP-9 Str+5} for 330
                  | gold pieces
  6696 | D:8      | Reached **** piety under the Shining One
  6913 | D:8      | Noticed Erica
  7174 | D:8      | Killed Erica
  7174 | D:8      | Reached skill level 5 in Dodging
  7174 | D:8      | Reached XP level 10. HP: 38/63 MP: 1/10
  7224 | D:8      | Found a snail-covered altar of Cheibriados.
  7816 | D:8      | Found a viscous altar of Jiyva.
  7975 | D:9      | Noticed a two-headed ogre
  7992 | D:9      | Killed a two-headed ogre
  8270 | D:9      | Found a staircase to the Orcish Mines.
  8284 | D:9      | Reached ***** piety under the Shining One
  8949 | D:6      | Bought a +2 pair of gloves for 165 gold pieces
  9035 | D:10     | Entered Level 10 of the Dungeon
  9078 | D:10     | Found Qakoison's Assorted Antiques.
  9211 | D:10     | Found a flagged portal.
  9227 | Bailey   | Entered a bailey
  9406 | Bailey   | Reached XP level 11. HP: 69/69 MP: 2/11
  9418 | Bailey   | Reached skill level 1 in Invocations
  9423 | Bailey   | Reached skill level 1 in Evocations
  9609 | Bailey   | Noticed an orc warlord
  9610 | Bailey   | Noticed an orc knight
  9666 | Bailey   | Killed an orc warlord
  9669 | Bailey   | HP: 1/69 [orc knight/+0 war axe (16)]
  9673 | Bailey   | Killed an orc knight
 10762 | D:10     | Identified a scroll of acquirement
 10765 | D:10     | Got an iridescent eveningstar
 10766 | D:10     | Identified the +5 eveningstar "Daetysaf" {venom, Dex+3}
                  | (You acquired it on level 10 of the Dungeon)
 11085 | D:4      | Killed Sigmund
 11118 | D:4      | Killed Blork the orc
 11147 | D:4      | Found Eteeru's Weapon Emporium.
 11472 | D:6      | Bought a polished chain mail for 199 gold pieces
 11484 | D:6      | Identified the +4 chain mail of Space {rElec Int+3} (You
                  | bought it in a shop on level 6 of the Dungeon)
 11717 | D:11     | Noticed a manticore
 11722 | D:11     | Killed a manticore
 12182 | D:11     | Found a staircase to the Lair.
 12183 | D:11     | Noticed a fire dragon
 12200 | D:11     | Killed a fire dragon
 12415 | D:11     | Reached XP level 12. HP: 76/76 MP: 5/14
 12495 | D:11     | Noticed a seven-headed hydra
 12503 | D:11     | Killed a seven-headed hydra
 12567 | Lair:1   | Entered Level 1 of the Lair of Beasts
 13205 | Lair:2   | Noticed Sonja
 13208 | Lair:2   | Killed Sonja
 13229 | Lair:2   | Reached skill level 10 in Armour
 13237 | Lair:2   | Reached skill level 10 in Shields
 13291 | Lair:2   | Reached skill level 10 in Fighting
 13312 | Lair:2   | Found a staircase to the Swamp.
 14253 | Lair:3   | Noticed a five-headed hydra
 14264 | Lair:3   | Killed a five-headed hydra
 14324 | Lair:3   | Found a staircase to the Snake Pit.
 14914 | Lair:4   | You fall through a shaft!
 15323 | Lair:4   | Noticed a four-headed hydra
 15332 | Lair:4   | Killed a four-headed hydra
 15332 | Lair:4   | Reached skill level 5 in Evocations
 15332 | Lair:4   | Reached XP level 13. HP: 83/83 MP: 7/16
 15750 | Lair:5   | Noticed Urug
 15757 | Lair:5   | Killed Urug
 15759 | Lair:5   | Found a staircase to the Slime Pits.
 15759 | Lair:5   | Found a viscous altar of Jiyva.
 15771 | Lair:5   | Noticed Snorg
 15781 | Lair:5   | Killed Snorg
 15968 | Lair:5   | Reached skill level 10 in Maces & Flails
 16401 | Lair:6   | Entered Level 6 of the Lair of Beasts
 16741 | Lair:6   | Gained mutation: Your large and strong wings let you fly
                  | indefinitely. [Gargoyle growth]
 16741 | Lair:6   | Reached XP level 14. HP: 63/90 MP: 9/18
 17000 | Lair:6   | Identified the Tome of Congealing Intoxication
 17315 | Lair:6   | Found a runed translucent door.
 17321 | Lair:6   | Identified the +7 spear of Yredelemnul's Regard {protect,
                  | rElec}
 17329 | Lair:6   | Noticed Terandir's ghost (journeyman MiFi)
 17330 | Lair:6   | Got an iridescent glaive
 18045 | Orc:1    | Entered Level 1 of the Orcish Mines
 18196 | Orc:1    | Found a transporter.
 18200 | Orc:1    | Noticed kernmantle's ghost (journeyman OpWn)
 18231 | Orc:1    | Reached ****** piety under the Shining One
 18261 | Orc:1    | Found a transporter.
 18896 | Orc:2    | Entered Level 2 of the Orcish Mines
 18896 | Orc:2    | Found a staircase to the Elven Halls.
 19279 | Orc:2    | Reached XP level 15. HP: 96/96 MP: 11/20
 19604 | Orc:2    | Found Zyofok's Food Shoppe.
 19606 | Orc:2    | Found Lenwa Doile's Weapon Boutique.
 19606 | Orc:2    | Found Zasaazar's Assorted Antiques.
 19606 | Orc:2    | Found Pixzy's Book Boutique.
 19636 | Orc:2    | Bought a pair of glowing gloves for 195 gold pieces
 19640 | Orc:2    | Bought a scroll of enchant armour for 195 gold pieces
 19904 | D:6      | Bought a spiked plate armour for 588 gold pieces
 19917 | D:6      | Identified the +5 plate armour of Circular Logic {rC+ SInv}
                  | (You bought it in a shop on level 6 of the Dungeon)
 19947 | D:6      | Identified the +2 glaive "No More Talking" {chop, rPois
                  | Dex+2} (You found it on level 6 of the Lair of Beasts)
 19959 | D:6      | Reached XP level 16. HP: 103/103 MP: 22/22
 20174 | D:12     | Reached skill level 5 in Invocations
 21130 | D:13     | Reached skill level 10 in Dodging
 21153 | D:13     | Found a runed translucent door.
 21155 | D:13     | Noticed simples's ghost (journeyman FeTm)
 21185 | D:13     | Killed simples's ghost
 22142 | D:14     | Found a large runed translucent door.
 22143 | D:14     | Found a large runed translucent door.
 22145 | D:14     | Noticed Kapsuk's ghost (journeyman DECj)
 22165 | D:14     | Killed Kapsuk's ghost
 22426 | D:14     | Found a gate to the Vaults.
 22758 | D:15     | Entered Level 15 of the Dungeon
 22844 | D:15     | Found a deep blue altar of Sif Muna.
 23013 | D:15     | Found an opulent altar of Gozag.
 23195 | D:15     | Reached XP level 17. HP: 100/109 MP: 23/23
 23323 | D:15     | Found a staircase to the Depths.
 24404 | D:10     | Bought a scroll labeled ZAHUNK CUQON for 27 gold pieces
 24575 | Snake:1  | Entered Level 1 of the Snake Pit
 24575 | Snake:1  | Found an ornate altar of the Wu Jian Council.
 25212 | Snake:1  | Found Gichyar's Assorted Antiques.
 25463 | Snake:1  | Got an encrusted falchion
 25542 | Snake:2  | Found Wutros's Antique Armour Shop.
 25542 | Snake:2  | Found Silen's Jewellery Boutique.
 25556 | Snake:2  | Bought the ring "Qifraps" {Wiz rElec rC+ MR+} for 792 gold
                  | pieces
 25564 | Snake:2  | Bought an ancient chain mail for 370 gold pieces
 25575 | Snake:2  | Identified the +3 chain mail "Jaifoska" {rElec rPois Int+4}
                  | (You bought it in a shop on level 2 of the Snake Pit)
 25611 | Snake:2  | Identified the cursed +2 falchion "Xanypsy" {slice, +Blink
                  | rN++ Str-4 Stlth+} (You found it on level 1 of the Snake
                  | Pit)
 26032 | Snake:2  | Found Ikhlef's Assorted Antiques.
 26358 | Snake:2  | Found a shimmering altar of Xom.
 26556 | Snake:3  | Found Ijowob's Magic Scroll Shoppe.
 26556 | Snake:3  | Noticed Aizul
 26568 | Snake:3  | Killed Aizul
 26630 | Snake:3  | Found Kuometz's Food Shop.
 26786 | Snake:3  | Found Bythraqoum's Antique Armour Shop.
 26909 | Snake:3  | Found Qosupoze's Magic Scroll Shop.
 27335 | Snake:3  | Reached XP level 18. HP: 58/116 MP: 24/24
 27547 | Snake:3  | Found Ceaxkais's Armour Boutique.
 27822 | Snake:4  | Entered Level 4 of the Snake Pit
 27961 | Snake:4  | Got a polished whip
 28065 | Snake:4  | Noticed Donald
 28086 | Snake:4  | Killed Donald
 29085 | Snake:4  | Got a serpentine rune of Zot
 29427 | Snake:2  | Bought a twisted shield for 370 gold pieces
 29439 | Snake:2  | Identified the +6 shield of Salvation {rF+ Str-3 Dex+3
                  | Slay+3} (You bought it in a shop on level 2 of the Snake
                  | Pit)
 29462 | Snake:2  | Identified the +5 whip "Jyomuass" {antimagic, rF+} (You
                  | found it on level 4 of the Snake Pit)
 29811 | Swamp:1  | Entered Level 1 of the Swamp
 30420 | Swamp:2  | Reached skill level 10 in Invocations
 30731 | Swamp:2  | Reached skill level 15 in Shields
 30779 | Swamp:1  | Reached skill level 15 in Fighting
 30786 | Swamp:1  | Reached skill level 15 in Armour
 30859 | Swamp:2  | Reached XP level 19. HP: 90/124 MP: 26/26
 31502 | Swamp:3  | Found a runed translucent gate.
 31502 | Swamp:3  | Found a runed translucent gate.
 31502 | Swamp:3  | Found a runed translucent gate.
 31502 | Swamp:3  | Noticed Rwicked's ghost (adept GrGl)
 31550 | Swamp:3  | Killed Rwicked's ghost
 32047 | Swamp:4  | Entered Level 4 of the Swamp
 33363 | Swamp:4  | Got a decaying rune of Zot
 33369 | Swamp:4  | Got a jewelled scale mail
 33735 | Swamp:4  | Got a fine tin ring
 34045 | Swamp:4  | Found a runed translucent gate.
 34046 | Swamp:4  | Found a runed translucent gate.
 34047 | Swamp:4  | Found a runed translucent gate.
 34052 | Swamp:4  | Noticed Moltybleed's ghost (journeyman MiBe)
 34206 | Swamp:4  | Killed Moltybleed's ghost
 34576 | Depths:1 | Entered Level 1 of the Depths
 35273 | Depths:1 | Reached XP level 20. HP: 11/131 MP: 28/28
 35715 | Depths:1 | You are sucked into a shaft!
 35993 | Depths:1 | Identified Deg Towy's Grimoire of Stolen Souls and Snow
 35996 | Depths:1 | Found the +5 pair of quick blades "Gyre" and "Gimble"
                  | {pierce, Dex-3}
 36078 | Depths:1 | Identified the cursed +0 scale mail of the Robin {rF+
                  | Dex+4} (You found it on level 4 of the Swamp)
 36079 | Depths:1 | Identified the ring "Timeo" {rElec rF+ Str+4 Dex-4 Stlth+}
                  | (You found it on level 4 of the Swamp)
 36295 | Depths:1 | Found a gateway to Hell.
 37029 | Depths:2 | Found a gateway to a ziggurat.
 37030 | Depths:2 | Found a one-way gate leading to the halls of Pandemonium.
 37144 | Depths:2 | Noticed a caustic shrike
 37167 | Depths:2 | Killed a caustic shrike
 37181 | Depths:2 | Noticed a golden dragon
 37192 | Depths:2 | Killed a golden dragon
 37192 | Depths:2 | Reached skill level 15 in Maces & Flails
 37248 | Depths:2 | Paralysed by an ogre mage for 5 turns
 37259 | Depths:2 | The Shining One protects you from harm!
 37887 | Depths:2 | Noticed a caustic shrike
 37901 | Depths:2 | Killed a caustic shrike
 38061 | Vaults:1 | Entered Level 1 of the Vaults
 38330 | Vaults:1 | Reached XP level 21. HP: 137/137 MP: 30/30
 39502 | Vaults:2 | Found a magical portal.
 39513 | WizLab   | Entered Doroklohe's Tomb
 39827 | WizLab   | Noticed an ancient lich
 39861 | WizLab   | Killed an ancient lich
 40799 | Vaults:2 | Reached XP level 22. HP: 143/144 MP: 32/32
 42020 | Vaults:3 | Found a ruined gateway.
 42099 | Desolati | Entered the Desolation of Salt
 42437 | Desolati | Identified the Incunabulum of Shifting Bewitchment
 42441 | Desolati | Identified the Collected Works on Noxious Black Arts
 42460 | Desolati | Got a twitching wooden ring
 42966 | Desolati | Got an encrusted plate armour
 42969 | Desolati | Got a coiled pewter ring
 42976 | Desolati | Got a twitching bone amulet
 42996 | Desolati | Got a heavily runed platinum ring
 43119 | Desolati | Identified the Handbook of Snow and the Traveller
 43344 | Vaults:3 | Identified the cursed +1 plate armour of the Trombone
                  | {-Tele rElec Str-4 Dex+5} (You found it in the Desolation
                  | of Salt)
 43346 | Vaults:3 | Identified the ring of Durimul {rF+ MR+ MP+9} (You found it
                  | in the Desolation of Salt)
 43348 | Vaults:3 | Identified the ring "Zuaxacia" {rF+ MP+9 Int+2 Dex+5
                  | Stlth-} (You found it in the Desolation of Salt)
 43350 | Vaults:3 | Identified the ring of Atesiego {Wiz rC+ rN+ Dex+2} (You
                  | found it in the Desolation of Salt)
 43351 | Vaults:3 | Identified the amulet "Butec" {Gourm Dex+7} (You found it
                  | in the Desolation of Salt)
 43483 | Vaults:3 | Reached XP level 23. HP: 144/152 MP: 33/33
 43578 | Vaults:3 | Found a staircase to the Crypt.
 43800 | Vaults:3 | Got a polished shield
 44108 | Vaults:3 | Got a transparent mace
 44748 | Vaults:4 | Noticed Xtahua
 44771 | Vaults:4 | Killed Xtahua
 45796 | Vaults:4 | Identified the cursed +0 shield "Tocoypp" {Int+6} (You
                  | found it on level 3 of the Vaults)
 45798 | Vaults:4 | Identified the +10 mace "Wanekuqig" {drain, Int+6} (You
                  | found it on level 3 of the Vaults)
 45877 | Vaults:5 | Entered Level 5 of the Vaults
 45885 | Vaults:5 | Noticed a golden dragon
 45949 | Vaults:5 | Reached skill level 15 in Invocations
 45963 | Vaults:5 | Noticed a golden dragon
 45968 | Vaults:5 | Killed a golden dragon
 46415 | Vaults:5 | Noticed a caustic shrike
 46415 | Vaults:5 | a titan changed into a caustic shrike
 46427 | Vaults:5 | Killed a caustic shrike
 46695 | Vaults:5 | Noticed a golden dragon
 46713 | Vaults:5 | Killed a golden dragon
 46734 | Vaults:5 | Reached XP level 24. HP: 74/159 MP: 34/34
 46857 | Vaults:5 | Got a transparent mace
 46924 | Vaults:5 | HP: 6/159 [titan/the air (23)]
 47008 | Vaults:5 | HP: 7/159 [cyan very ugly thing (8)]
 47009 | Vaults:5 | Slain by a tentacled monstrosity

Skill      XL: |  1  2  3  4  5  6  7  8  9 10 11 12 13 14 15 16 17 18 19 20 21 22 23 |
---------------+----------------------------------------------------------------------+-----
Dodging        | 1 2 3 5 6 7 8 9 10 11 12 13 14 | 14.7
Fighting       | 4 5 6 7 8 9 10 11 12 13 14 15 16 17 18 | 18.5
Armour         | 4 5 6 7 8 9 10 11 12 13 14 15 16 17 18 | 18.5
Shields        | 4 5 6 7 8 9 10 11 12 13 14 15 16 17 18 | 18.5
Maces & Flails | 3 4 5 6 7 8 9 10 11 12 13 14 15 16 17 | 17.2
Invocations    | 3 4 6 8 10 11 12 13 14 15 | 15.4
Evocations     | 3 5 6 7 8 |  8.0

Action                   |  1- 3 |  4- 6 |  7- 9 | 10-12 | 13-15 | 16-18 | 19-21 | 22-24 || total
-------------------------+-------+-------+-------+-------+-------+-------+-------+-------++-------
Melee: Flail             |   139 |   237 |   426 |   520 |       |       |       |       ||  1322
       Eveningstar       |       |       |       |   272 |   652 |  1714 |  2048 |  1389 ||  6075
Invok: Divine Shield     |       |       |       |     1 |     4 |    10 |    12 |     8 ||    35
       Cleansing Flame   |       |       |       |       |       |       |     2 |     4 ||     6
       Summon Divine War |       |       |       |       |       |       |       |     6 ||     6
 Abil: Fly               |       |       |       |       |     1 |       |       |       ||     1
  Use: Potion            |       |       |     1 |    11 |     2 |     1 |     1 |    14 ||    30
       Scroll            |       |       |       |    19 |    10 |     8 |     7 |    14 ||    58
  Eat: Chunk             |       |     9 |    12 |    23 |    16 |    19 |    26 |    33 ||   138
       Ration            |       |       |     1 |     1 |     1 |     5 |     3 |       ||    11
Armor: Scale mail        |    92 |   139 |    26 |       |       |       |       |       ||   257
       Plate armour      |       |       |   227 |   398 |   386 |   846 |   893 |   529 ||  3279
Dodge: Dodged            |    50 |   106 |    88 |   222 |   232 |   480 |   663 |   535 ||  2376
Block: Shield            |   107 |   163 |   222 |   380 |       |   296 |  2180 |  1607 ||  4955
       Large shield      |       |       |       |   202 |   809 |  1704 |       |       ||  2715
